Cogmind - Beta 17 @@@ ROGUE MODE // 2026.07.08 @ 17:58:20 Player: Lord Draconis Result: Destroyed by Y-64 Sentinel with Wave Gun Performance ------------- Evolutions (5) 2500 Regions Visited (11) 2200 Robots Destroyed (224) 1120 Value Destroyed (7213) 7213 Prototype IDs (13) 260 Alien Tech Used (0) 0 Bonus (533) 533 TOTAL SCORE: 13826 Bonus ------- High Alert Combat Kills 201 Follower Combat Kills 394 Friendly Fire -62 Cogmind --------- Core Integrity 0/1000 Matter 195/300 Energy 100/100 System Corruption 6% Temperature Cool (9) Movement Core (1350) Ox26 Location -5/Factory Parts ------- > --- POWER (2) -------- (None) > --- PROPULSION (6) --- (None) > --- UTILITY (6) ------ Huge Storage Unit Improved Signal Interpreter Target Analyzer > --- WEAPON (3) ------- (None) > --- INVENTORY (25) --- Improved Heat Sink High-capacity Storage Unit High-capacity Matter Pod (200) Advanced Sensor Array Experimental Sensor Array IFF Parser Advanced Terrain Scanner Makeshift Terrain Scan Processor Targeting Computer Particle Charger Improved Particle Charger Advanced ECM Suite Phase Shifter High-powered Tractor Beam Heavy Particle Gun Heavy Plasma Cannon Heavy Plasma Cannon Minigun Flak Gun Precision Assault Rifle Magnetic Acceleration Cannon Improved Proton Missile Launcher Heavy Rocket Launcher Peak State ------------ > --- POWER ------------ Heavy Deuterium Engine > --- PROPULSION ------- Light Treads Light Treads Light Treads Light Treads Medium Treads > --- UTILITY ---------- Improved Cooling System Huge Storage Unit Advanced Targeting Computer Target Analyzer Improved Particle Charger Layered Medium Armor Plating > --- WEAPON ----------- Cooled Pulse Rifle Precision Assault Rifle > --- INVENTORY -------- Heavy Deuterium Engine Armored Wheel Improved Heat Sink High-capacity Storage Unit High-capacity Matter Pod Advanced Sensor Array Experimental Sensor Array Improved Signal Interpreter IFF Parser Advanced Terrain Scanner Targeting Computer Weapon Cycler Layered Medium Armor Plating High-powered Tractor Beam Heavy Particle Gun Improved Spread Laser Proton Cannon Plasma Cannon Heavy Plasma Cannon Precision Assault Rifle Advanced EMP Blaster Heavy Rocket Launcher Shock Maul [Rating: 53] Favorites ----------- Power Improved Ion Engine Engine Improved Ion Engine Power Core Neutrino Core Propulsion Armored Treads Treads Armored Treads Wheel Armored Wheel Utility Targeting Computer Device Weapon Cycler Storage Huge Storage Unit Processor Targeting Computer Protection Layered Medium Armor Plating Weapon Magnetic Acceleration Cannon Energy Gun Medium Laser Energy Cannon Advanced Beam Cannon Ballistic Gun Assault Rifle Ballistic Cannon Magnetic Acceleration Cannon Launcher Grenade Launcher Impact Weapon Shock Maul Slashing Weapon Katana Build | -11 -10 -10 -9 -9 -8 -7 -7 -6 -6 -6 -5 ------- Run | Yrd Mat Min Mat Min Mat Fac Sto Fac Low Low Fac Slots Evolved 10 | . . . 2 . 2 2 . 2 . . 2 Power 1 | . . . . . . . . . . . 1 Propulsion 4 | . . . 1 . 1 1 . 1 . . . Utility 4 | . . . 1 . 1 1 . 1 . . . Weapon 1 | . . . . . . . . . . . 1 Parts Attached 137 | 6 9 10 27 2 9 16 25 18 12 . 3 Power 14 | 1 1 2 2 . 2 1 3 1 1 . . Engine 13 | 1 1 2 2 . 2 1 3 1 . . . Core 1 | . . . . . . . . . 1 . . Reactor . | . . . . . . . . . . . . Propulsion 36 | 2 3 3 9 . 1 2 7 6 2 . 1 Treads 34 | 2 3 3 9 . 1 2 7 5 2 . . Leg . | . . . . . . . . . . . . Wheel 2 | . . . . . . . . 1 . . 1 Hover . | . . . . . . . . . . . . Flight . | . . . . . . . . . . . . Utility 43 | 1 3 . 7 1 4 10 3 7 5 . 2 Device 20 | . . . 2 1 2 7 2 2 2 . 2 Storage 5 | 1 2 . . . . 1 . . 1 . . Processor 7 | . 1 . 1 . . 1 . 3 1 . . Hackware . | . . . . . . . . . . . . Protection 11 | . . . 4 . 2 1 1 2 1 . . Artifact . | . . . . . . . . . . . . Weapon 44 | 2 2 5 9 1 2 3 12 4 4 . . Energy Gun 10 | . 1 2 1 . . . 6 . . . . Energy Cannon 4 | . . . 3 . . . . 1 . . . Ballistic Gun 12 | 2 . 2 4 . . 1 2 1 . . . Ballistic Cannon 7 | . . . . . 2 1 . 2 2 . . Launcher 8 | . 1 1 1 . . 1 2 . 2 . . Special Weapon . | . . . . . . . . . . . . Impact Weapon 2 | . . . . . . . 2 . . . . Slashing Weapon 1 | . . . . 1 . . . . . . . Piercing Weapon . | . . . . . . . . . . . . Special Melee Weapon . | . . . . . . . . . . . . Unidentified Prototypes 9 | . . . . . 1 . 8 . . . . Corrupted Parts 1 | . . . . . . . . . 1 . . System Corruption 2 | . . . . . . . . . 2 . . Parts Lost 46 | . 2 3 2 . . . 7 14 9 . 9 Power 5 | . 1 . 1 . . . . 1 2 . . Propulsion 20 | . . 2 . . . . 4 8 3 . 3 Utility 11 | . . . 1 . . . 2 3 2 . 3 Weapon 10 | . 1 1 . . . . 1 2 2 . 3 Highest Loss Streak 7 | . 2 2 1 . . . 2 7 7 . 6 To Critical Strikes 1 | . . . . . . . . 1 . . . Average Backups 20 | 1 12 19 19 20 19 24 24 24 17 22 24 Power . | . . . . 1 1 1 1 . . . . Propulsion 3 | . 3 4 3 4 4 4 5 2 . . . Utility 9 | . 4 8 7 7 7 10 11 12 8 11 13 Weapon 7 | . 3 6 7 7 6 7 7 8 8 10 9 Tool/Special . | . . . . . . . . . . . . Unused Backups 54 | . 2 2 7 1 4 7 8 7 . . 16 Power 6 | . . . . . 2 2 2 . . . . Propulsion 1 | . . . 1 . . . . . . . . Utility 22 | . 2 1 1 . 1 1 1 3 . . 12 Weapon 25 | . . 1 5 1 1 4 5 4 . . 4 Tool/Special . | . . . . . . . . . . . . Average Slot Usage (%) 92 | . 99 99 99 100 94 95 99 94 63 66 59 Engine 8 | . 13 14 10 11 9 7 7 6 . . . Treads 29 | . 27 27 32 33 35 37 37 34 1 13 9 Device 10 | . . . 5 11 9 17 20 11 12 13 10 Storage 9 | . 25 14 11 11 9 7 7 6 6 6 5 Processor 9 | . 2 14 11 11 9 7 7 14 13 13 11 Protection 3 | . . . 5 . 8 4 2 5 5 6 4 Energy Gun 4 | . 8 16 5 . . . 8 5 . . 9 Energy Cannon 1 | . . . 5 7 5 . . . . . . Ballistic Gun 6 | . 19 11 11 10 1 3 4 3 . . . Ballistic Cannon 3 | . . . . . 6 7 1 2 12 6 4 Peak Build Rating 53 | 6 9 10 23 25 32 47 48 53 47 43 48 Average Rating 31 | 5 7 9 17 23 30 42 45 50 43 42 44 On Entrance 26 | . 6 9 10 23 25 31 47 44 39 41 43 Avg Prop Armor Cover (%) 10 | . . . . . . . 7 18 17 . . Naked Turns . | . . . . . . . . . . . . Heaviest Build 123 | 12 68 51 58 55 67 123 109 114 120 101 105 Greatest Support 128 | 40 40 40 60 60 80 110 110 128 40 40 40 Greatest Overweight (x) 35 | 2 1 1 . . . 1 1 8 35 2 27 Average Overweight (x) 1 | . . 1 . . . . . . 8 2 2 Largest Inventory Capacity 25 | 8 20 20 20 20 20 25 25 25 25 25 25 Average Capacity 22 | 7 16 20 20 20 20 24 25 25 25 25 25 Most Carried 25 | 2 19 20 20 20 20 25 25 25 22 23 25 Average Carried 20 | 1 12 19 19 20 19 24 24 24 17 22 24 Final Capacity 25 | 8 20 20 20 20 20 25 25 25 25 25 25 Final Carried 25 | 2 19 20 20 20 20 24 25 22 19 23 23 Class Distribution -------------------- 72% | Mutant 18% | Scavenger-Mutant 5% | Commander-Mutant 3% | Gunner Dominant Class ---------------- Mutant | -10/Materials Mutant | -10/Mines Scavenger-Mutant | -9/Materials Mutant | -9/Mines Mutant | -8/Materials Mutant | -7/Factory Mutant | -7/Storage Scavenger-Mutant | -6/Factory Mutant | -6/Lower Caves Mutant | -6/Lower Caves Gunner | -5/Factory Resources | -11 -10 -10 -9 -9 -8 -7 -7 -6 -6 -6 -5 ----------- Run | Yrd Mat Min Mat Min Mat Fac Sto Fac Low Low Fac Matter Collected 5818 | 215 600 512 671 227 656 846 1056 210 505 237 83 Remotely 200 | . . . . . . 43 . . 157 . . Salvage Created 8502 | . 865 504 1794 135 1341 1047 1578 407 464 56 311 Parts 428 | . 44 14 93 18 77 53 88 19 14 . 8 Haulers Intercepted 14 | . 2 . 6 . 4 . 1 1 . . . Recyclers Shooed 12 | . 5 . 3 . 1 1 1 . . . 1 Parts Field Recycled . | . . . . . . . . . . . . Retrieved Matter . | . . . . . . . . . . . . Parts Self-Destructed 11 | . . . . . . . . . 11 . . Prevented 4 | . . . . . . . . . . 4 . Parts Restored . | . . . . . . . . . . . . Kills | -11 -10 -10 -9 -9 -8 -7 -7 -6 -6 -6 -5 ------- Run | Yrd Mat Min Mat Min Mat Fac Sto Fac Low Low Fac Combat Hostiles Destroyed 162 | . 12 9 32 9 23 19 31 9 14 . 4 Melee 1 | . . . . . . . . . . . 1 Guns 80 | . 12 4 21 1 4 8 26 4 . . . Cannons 49 | . . . 9 1 17 11 5 2 3 . 1 AOE 30 | . . 5 2 7 2 . . 3 11 . . Classes Destroyed 16 | . 6 2 3 . 1 3 . . . 1 . Worker 5 | . . . . . . 1 3 . . . 1 Builder 4 | . . . 1 . 1 1 1 . . . . Tunneler 4 | . 1 . . 2 1 . . . . . . Hauler 14 | . 2 . 6 . 4 . 1 1 . . . Recycler 20 | . 4 3 4 . 3 4 1 . . . 1 Mechanic 1 | . . 1 . . . . . . . . . Operator 3 | . . . 1 . 1 . 1 . . . . Watcher 11 | . 2 . 2 . 3 1 1 1 . . 1 Swarmer 36 | . 3 3 9 6 3 . 6 3 3 . . Grunt 68 | . 9 5 12 3 13 7 10 4 3 . 2 Brawler 4 | . . . . . . 1 . . 3 . . Duelist 4 | . . . 2 . . 1 . . 1 . . Sentry 35 | . . 1 9 . 6 4 12 1 2 . . Hunter 3 | . . . . . 1 . . . 2 . . Programmer 12 | . . . . . . 6 3 1 . . 2 Decomposer 1 | . . . . . . . . . . 1 . Samaritan 1 | . . . . . . . . . . 1 . Best Kill Streak 13 | . 5 8 5 6 8 6 6 4 13 . 2 Combat Bots Only 13 | . 3 5 5 4 4 5 5 3 13 . 2 Max Kills in Single Turn 4 | . 2 4 2 2 2 2 2 4 4 1 1 Gunslinging . | . . . . . . . . . . . . Exploded 4 | . . 2 2 2 1 . . 3 4 . . Melee 1 | . . . . . . . . . . . 1 Uniques/NPCs Destroyed . | . . . . . . . . . . . . Combat | -11 -10 -10 -9 -9 -8 -7 -7 -6 -6 -6 -5 -------- Run | Yrd Mat Min Mat Min Mat Fac Sto Fac Low Low Fac Hostile Shots Fired 1356 | . 87 41 150 27 85 199 325 208 110 . 124 Missed 423 | . 22 7 39 9 26 78 113 69 37 . 23 Hits 933 | . 65 34 111 18 59 121 212 139 73 . 101 Melee 21 | . . . 3 . . 8 . 10 . . . Projectile 912 | . 65 34 108 18 59 113 212 129 73 . 101 AOE 1 | . . . . . . . 1 . . . . Critical Strikes 25 | . . 1 7 . 2 1 2 7 1 . 4 Part Disruptions 2 | . . . . . . 1 1 . . . . Damage Taken 12565 | . 836 433 1310 239 876 1450 1796 2287 1302 . 2036 Core 2448 | . 117 43 240 15 126 190 145 193 376 . 1003 Absorbed by Shields 343 | . . . . . . 22 321 . . . . Ignored by Resistances 64 | . . . . . . 64 . . . . . Regen/Repaired (Parts) 922 | . 123 . 221 . 578 . . . . . . Core Remaining (%) 55 | 100 . 36 . 36 77 . 52 . . 33 . Volleys Fired 567 | . 77 24 105 10 92 79 100 45 20 3 12 Largest 3 | . 2 2 2 2 2 2 2 2 2 1 3 Hottest 174 | . 70 90 98 91 105 65 117 72 88 44 174 Shots Fired 1029 | . 150 45 207 13 150 132 191 75 34 4 28 Gun 647 | . 147 42 157 2 31 54 159 41 . . 14 Cannon 348 | . . . 47 2 117 76 30 33 25 4 14 Launcher 34 | . 3 3 3 9 2 2 2 1 9 . . Special . | . . . . . . . . . . . . Kinetic 628 | . 115 9 102 2 90 130 90 47 25 4 14 Thermal 367 | . 32 33 102 2 58 . 99 27 . . 14 Explosive 32 | . 3 3 3 9 2 . 2 1 9 . . Electromagnetic 2 | . . . . . . 2 . . . . . Robot Hit Streak 44 | . 9 10 19 6 15 44 19 25 6 1 13 Robot Miss Streak 6 | . 3 2 6 1 4 2 5 2 1 3 3 Penetration Max 1 | . . . . . . 1 1 . . . . Secondary Targets 7 | . 1 . 4 . . . 2 . . . . Max Gunslinging Chain 1 | . 1 . 1 . . . 1 . . . . Shots Hit Robots 728 | . 96 33 141 4 97 102 147 50 23 2 33 Core Hits 396 | . 37 22 61 15 47 35 108 21 32 1 17 Critical Kills 2 | . . . . . . 1 1 . . . . Critical Parts Destroyed 9 | . . . 1 . . 1 . 1 2 . 4 Critical Strikes 39 | . 4 . 6 . 3 8 1 7 6 . 4 Burn 12 | . 4 . 5 . . . . 3 . . . Destroy 5 | . . . 1 . . 2 1 1 . . . Blast 16 | . . . . . 3 6 . 3 4 . . Smash 6 | . . . . . . . . . 2 . 4 Melee Attacks 33 | . . . . 2 . . 13 2 2 1 13 Impact 31 | . . . . . . . 13 2 2 1 13 Slashing 2 | . . . . 2 . . . . . . . Piercing . | . . . . . . . . . . . . Sneak Attacks 2 | . . . . 1 . . . . . 1 . Combat Hostiles . | . . . . . . . . . . . . Follow-up Attacks . | . . . . . . . . . . . . Damage Inflicted 19861 | . 1196 920 2667 662 2927 3269 3451 1435 2069 146 1119 Guns 8737 | . 1196 394 1772 19 298 1067 3057 677 . . 257 Cannons 7018 | . . . 791 23 2387 1991 389 452 530 26 429 Explosions 3234 | . . 516 77 553 242 185 . 284 1377 . . Melee 771 | . . . . 56 . . . . 162 120 433 Ramming 101 | . . 10 27 11 . 26 5 22 . . . Kinetic 10062 | . 961 78 1103 19 1794 3058 1375 689 530 26 429 Thermal 5693 | . 235 316 1460 23 891 . 2071 440 . . 257 Explosive 3049 | . . 516 77 553 242 . . 284 1377 . . Electromagnetic 185 | . . . . . . 185 . . . . . Impact 715 | . . . . . . . . . 162 120 433 Slashing 56 | . . . . 56 . . . . . . . Piercing . | . . . . . . . . . . . . Highest Corruption 14 | . . . . . 1 5 14 11 13 13 6 Average Corruption 8 | . . . . . 1 4 11 3 11 13 4 Corruption Purged . | . . . . . . . . . . . . Corruption Blocked . | . . . . . . . . . . . . Effects 201 | . . . . . 1 46 74 16 48 14 2 Message Errors 54 | . . . . . 1 12 18 2 17 4 . Matter Fused 49 | . . . . . . 16 19 6 4 4 . Heat Flow Errors 15 | . . . . . . 5 5 1 4 . . Energy Discharges 29 | . . . . . . 6 9 1 8 4 1 Parts Rejected 1 | . . . . . . . . . . . 1 Parts Fused 2 | . . . . . . . 2 . . . . Data Loss (minor) 27 | . . . . . . 4 13 1 9 . . Data Loss (major) 6 | . . . . . . . 3 1 2 . . Misfires 9 | . . . . . . 1 2 2 3 1 . Alerts 3 | . . . . . . . . 1 1 1 . Misdirections 1 | . . . . . . . . 1 . . . Weapon Failures 5 | . . . . . . 2 3 . . . . Overload Shots . | . . . . . . . . . . . . Overflow Damage 918 | . . 2 22 32 13 166 8 9 201 116 349 Projectiles 258 | . . . 22 . 13 166 8 9 . . 40 Explosions 53 | . . 2 . 6 . . . . 45 . . Melee 607 | . . . . 26 . . . . 156 116 309 Knockbacks 42 | . . . . . 8 15 3 5 2 . 9 Impact 4 | . . . . . . . . . 2 . 2 Kinetic 33 | . . . . . 7 14 3 5 . . 4 Secondary 5 | . . . . . 1 1 . . . . 3 Self-Inflicted Damage 220 | . . 32 . 92 . 15 4 . 77 . . Shots 8 | . . 1 . 3 . 1 1 . 2 . . Rammed 11 | . . 2 4 1 . 3 . 1 . . . Targets Rammed 14 | . . 2 4 2 . 4 1 1 . . . Kicked . | . . . . . . . . . . . . Crushed 3 | . . . . 1 . 1 1 . . . . Highest Temperature 354 | . 204 118 354 . 17 241 193 177 242 . 264 Average Temperature 60 | . 64 38 68 . 3 110 22 66 67 . 77 Received Heat Transfer 3359 | . 381 162 423 12 387 284 459 570 168 . 513 Effects 2 | . 1 . 1 . . . . . . . . Shutdowns 1 | . . . 1 . . . . . . . . Energy Bleed 1 | . 1 . . . . . . . . . . Siege Activations . | . . . . . . . . . . . . Martial Activations . | . . . . . . . . . . . . Shielding Activations . | . . . . . . . . . . . . Robots Disrupted . | . . . . . . . . . . . . Combat Hostiles . | . . . . . . . . . . . . Robots Corrupted 5 | . . . . . . . . . 2 1 2 Combat Hostiles 4 | . . . . . . . . . 2 . 2 Parts Fried . | . . . . . . . . . . . . Impact Corruptions 31 | . . . . . . . . . 7 10 14 Robots Melted . | . . . . . . . . . . . . Combat Hostiles . | . . . . . . . . . . . . Parts Melted 10 | . 1 . 5 . 1 . 2 1 . . . Heat Transferred 11528 | . 999 794 2927 37 1591 . 3910 999 . . 271 Parts Sabotaged . | . . . . . . . . . . . . Parts Stolen . | . . . . . . . . . . . . Parts Stripped . | . . . . . . . . . . . . Power Chain Reactions . | . . . . . . . . . . . . Alert | -11 -10 -10 -9 -9 -8 -7 -7 -6 -6 -6 -5 ------- Run | Yrd Mat Min Mat Min Mat Fac Sto Fac Low Low Fac Maximum Alert Level 2 | . . 1 2 1 1 2 2 1 . . . Low Security (%) 60 | 100 100 99 48 92 25 50 . 94 . . 100 Level 1 25 | . . . 31 7 74 16 66 5 . . . Level 2 13 | . . . 20 . . 33 33 . . . . Level 3 . | . . . . . . . . . . . . Level 4 . | . . . . . . . . . . . . Level 5 . | . . . . . . . . . . . . High Security . | . . . . . . . . . . . . Max Security . | . . . . . . . . . . . . Peak Influence 519 | . 106 196 503 248 338 453 519 230 . . 62 Initial 230 | . . . . 130 31 139 204 230 . . . Average 168 | . 36 40 256 91 225 205 351 74 . . 4 Influence Increases 6019 | . 436 383 1126 332 930 856 1167 379 295 . 115 Destroy 0b10 Robot/C 3580 | . 240 280 720 200 540 380 640 220 280 . 80 Destroy 0b10 Robot/NC 325 | . 45 20 75 10 70 35 40 10 5 . 15 Destroy Leader 872 | . 68 40 176 30 136 122 214 64 10 . 12 Allied During Kill 167 | . . 15 8 4 39 . 82 19 . . . Successful Hack 204 | . 47 . 43 . 22 26 66 . . . . Disable Machine 225 | . . . 15 30 30 90 30 30 . . . Destroy Structure 256 | . 21 28 29 58 33 8 50 21 . . 8 Partial Spotted 15 | . . . . . . 15 . . . . . Lose Combat Pursuer 375 | . 15 . 60 . 60 180 45 15 . . . Influence Decreases 5995 | . 436 383 792 585 704 712 1111 886 295 . 91 Entered New Map 946 | . . . . 204 50 168 247 277 . . . Time Decay 4280 | . 416 353 602 381 594 544 624 474 235 . 57 Lost Part 292 | . 20 30 20 . . . 70 58 60 . 34 Lost Ally 177 | . . . 20 . 60 . 20 77 . . . Purge Threat 300 | . . . 150 . . . 150 . . . . Squads Dispatched 33 | . 3 1 3 . 2 7 9 6 . . 2 Investigation 5 | . 2 . . . . 1 1 1 . . . Extermination 10 | . . . . . . 4 3 2 . . 1 Reinforcement 12 | . 1 . 3 . 1 2 2 2 . . 1 Assault 1 | . . 1 . . . . . . . . . Garrison 5 | . . . . . 1 . 3 1 . . . Intercept . | . . . . . . . . . . . . Searches Triggered . | . . . . . . . . . . . . Construction Impeded 3 | . . . . . 1 . . 1 . . 1 Haulers Reinforced . | . . . . . . . . . . . . Active Scanning Responses . | . . . . . . . . . . . . Cargo Convoy Interrupts . | . . . . . . . . . . . . Stealth | -11 -10 -10 -9 -9 -8 -7 -7 -6 -6 -6 -5 --------- Run | Yrd Mat Min Mat Min Mat Fac Sto Fac Low Low Fac Distress Signals 17 | . 2 . 5 . 2 4 4 . . . . Communications Jammed . | . . . . . . . . . . . . Distress Signals . | . . . . . . . . . . . . Times Spotted 253 | . 18 14 51 9 41 40 42 20 12 . 6 Peak Tracking Total 11 | . 4 4 8 4 6 6 4 6 11 . 3 Tactical Retreats 15 | . 1 . 3 . 3 5 2 1 . . . Traps | -11 -10 -10 -9 -9 -8 -7 -7 -6 -6 -6 -5 ------- Run | Yrd Mat Min Mat Min Mat Fac Sto Fac Low Low Fac Traps Triggered 8 | . 3 . . . 1 2 . 2 . . . Indirectly . | . . . . . . . . . . . . Trap Hack Attempts . | . . . . . . . . . . . . Triggered . | . . . . . . . . . . . . Disarmed . | . . . . . . . . . . . . Reprogrammed . | . . . . . . . . . . . . Reused . | . . . . . . . . . . . . Traps Extracted . | . . . . . . . . . . . . Installed . | . . . . . . . . . . . . Triggered . | . . . . . . . . . . . . Machines | -11 -10 -10 -9 -9 -8 -7 -7 -6 -6 -6 -5 ---------- Run | Yrd Mat Min Mat Min Mat Fac Sto Fac Low Low Fac Machines Disabled 18 | . . . 2 2 2 6 2 2 2 . . Max in Single Turn 1 | . . . 1 1 1 1 1 1 1 . . Machines Repaired . | . . . . . . . . . . . . Machines Dismantled . | . . . . . . . . . . . . Machines Sabotaged . | . . . . . . . . . . . . Overloaded Fab Kills . | . . . . . . . . . . . . Hacking | -11 -10 -10 -9 -9 -8 -7 -7 -6 -6 -6 -5 --------- Run | Yrd Mat Min Mat Min Mat Fac Sto Fac Low Low Fac Machines Accessed 48 | . 8 . 11 . 8 6 11 4 . . . Terminals 32 | . 7 . 7 . 4 2 9 3 . . . Fabricators . | . . . . . . . . . . . . Repair Stations 10 | . 1 . 2 . 2 2 2 1 . . . Recycling Units . | . . . . . . . . . . . . Scanalyzers 4 | . . . 2 . 1 1 . . . . . Garrison Access 2 | . . . . . 1 1 . . . . . Total Hacks 133 | . 27 . 33 . 28 11 24 10 . . . Successful 68 | . 17 . 21 . 17 3 8 2 . . . Failed 65 | . 10 . 12 . 11 8 16 8 . . . Catastrophic 9 | . 1 . 2 . 1 1 2 2 . . . Database Lockouts . | . . . . . . . . . . . . Manual 58 | . 15 . 11 . 10 3 10 9 . . . Terminals 85 | . 23 . 19 . 12 3 19 9 . . . Fabricators . | . . . . . . . . . . . . Repair Stations 33 | . 4 . 8 . 12 3 5 1 . . . Recycling Units . | . . . . . . . . . . . . Scanalyzers 11 | . . . 6 . 2 3 . . . . . Garrison Access 4 | . . . . . 2 2 . . . . . Terminal Hacks 25 | . 10 . 7 . 3 . 4 1 . . . Part Schematic 2 | . 1 . 1 . . . . . . . . Robot Analysis 6 | . 4 . . . 2 . . . . . . Prototype ID Bank 2 | . 1 . . . 1 . . . . . . Open Door 3 | . . . . . . . 3 . . . . Branch Access Points 1 | . . . 1 . . . . . . . . Emergency Access Points 1 | . . . 1 . . . . . . . . Terminal Index 2 | . . . 1 . . . . 1 . . . Unreport Threat 2 | . . . 1 . . . 1 . . . . Dispatch Records 1 | . 1 . . . . . . . . . . Hauler Manifests 3 | . 1 . 2 . . . . . . . . Registered Components 1 | . 1 . . . . . . . . . . Registered Prototypes 1 | . 1 . . . . . . . . . . Fabricator Hacks . | . . . . . . . . . . . . Repair Station Hacks 22 | . 4 . 6 . 10 . 2 . . . . Scan Component 12 | . 2 . 3 . 5 . 2 . . . . Repair 10 | . 2 . 3 . 5 . . . . . . Recycling Unit Hacks . | . . . . . . . . . . . . Scanalyzer 10 | . . . 6 . 2 2 . . . . . Retrieve Study 10 | . . . 6 . 2 2 . . . . . Garrison Access Hacks . | . . . . . . . . . . . . Unauthorized Hacks 11 | . 3 . 2 . 2 1 2 1 . . . Terminals 11 | . 3 . 2 . 2 1 2 1 . . . Botnet 11 | . 3 . 2 . 2 1 2 1 . . . Fabricators . | . . . . . . . . . . . . Repair Stations . | . . . . . . . . . . . . Recycling Units . | . . . . . . . . . . . . Scanalyzers . | . . . . . . . . . . . . Garrison Access . | . . . . . . . . . . . . Data Cores Recovered 3 | . . . 2 . 1 . . . . . . Used 1 | . . . 1 . . . . . . . . Hacking Detections 41 | . 7 . 9 . 7 6 8 4 . . . Full Trace Events 4 | . 1 . . . . 1 1 1 . . . Feedback Events . | . . . . . . . . . . . . Feedback Blocked . | . . . . . . . . . . . . Robot Schematics Acquired . | . . . . . . . . . . . . Robots Built . | . . . . . . . . . . . . Authchips . | . . . . . . . . . . . . Time . | . . . . . . . . . . . . Total Robot Build Rating . | . . . . . . . . . . . . Part Schematics Acquired 2 | . 1 . 1 . . . . . . . . Parts Built . | . . . . . . . . . . . . Authchips . | . . . . . . . . . . . . Time . | . . . . . . . . . . . . Total Part Build Rating . | . . . . . . . . . . . . Part Studies Acquired 10 | . . . 6 . 2 2 . . . . . Parts Repaired 10 | . 2 . 3 . 5 . . . . . . Time 320 | . 52 . 78 . 190 . . . . . . Parts Recycled . | . . . . . . . . . . . . Recycled Matter . | . . . . . . . . . . . . Retrieved Matter . | . . . . . . . . . . . . Retrieved Components . | . . . . . . . . . . . . Parts Scanalyzed . | . . . . . . . . . . . . Part Schematics Acquired . | . . . . . . . . . . . . Parts Damaged . | . . . . . . . . . . . . Bothacking | -11 -10 -10 -9 -9 -8 -7 -7 -6 -6 -6 -5 ------------ Run | Yrd Mat Min Mat Min Mat Fac Sto Fac Low Low Fac Used RIF Installer . | . . . . . . . . . . . . Robots Hacked . | . . . . . . . . . . . . Non-combat . | . . . . . . . . . . . . Combat . | . . . . . . . . . . . . Robot Hacks Applied . | . . . . . . . . . . . . Relay Couplers Released . | . . . . . . . . . . . . Fabnet Peak Effective % . | . . . . . . . . . . . . Robots Rewired . | . . . . . . . . . . . . Allies Hacked . | . . . . . . . . . . . . Hacks Repelled . | . . . . . . . . . . . . Allies | -11 -10 -10 -9 -9 -8 -7 -7 -6 -6 -6 -5 -------- Run | Yrd Mat Min Mat Min Mat Fac Sto Fac Low Low Fac Total Allies 15 | . . 1 . 4 . . 10 . . . . Largest Group 10 | . . 1 1 4 3 . 10 9 . . . Highest-Rated Group 173 | . . 31 31 71 40 . 173 144 . . . Highest-Rated Ally 31 | . . 31 31 31 16 . 29 16 . . . Total Orders . | . . . . . . . . . . . . Ally Attacks 144 | . . 14 19 4 39 . 17 51 . . . Total Damage 1765 | . . 270 274 20 374 . 190 637 . . . Kills 20 | . . 5 5 1 5 . 1 3 . . . Allies Corrupted 1 | . . . . . . . . 1 . . . Allies Melted . | . . . . . . . . . . . . Intel | -11 -10 -10 -9 -9 -8 -7 -7 -6 -6 -6 -5 ------- Run | Yrd Mat Min Mat Min Mat Fac Sto Fac Low Low Fac Active Infowar (turns) 4350 | . . . . . . 1245 799 . 1278 453 575 Terrain 4350 | . . . . . . 1245 799 . 1278 453 575 Robot Analysis Total 6 | . 4 . . . 2 . . . . . . Derelict Logs Recovered 7 | . . 2 . 1 . . . . 2 2 . Drone Launches . | . . . . . . . . . . . . Drone Recoveries . | . . . . . . . . . . . . Exploration | -11 -10 -10 -9 -9 -8 -7 -7 -6 -6 -6 -5 ------------- Run | Yrd Mat Min Mat Min Mat Fac Sto Fac Low Low Fac Turns Passed 18568 | 78 1648 1770 2195 1242 2031 3314 2136 1488 1425 453 788 Spaces Moved 7623 | 46 680 678 935 512 864 1486 802 709 460 184 267 Core 16 | 6 . . . . . . . . 8 . 2 Treads 7177 | 40 680 678 935 512 864 1486 802 684 60 184 252 Legs . | . . . . . . . . . . . . Wheels 430 | . . . . . . . . 25 392 . 13 Hover . | . . . . . . . . . . . . Flight . | . . . . . . . . . . . . Fastest Speed 50 | 50 160 240 160 170 170 163 160 160 200 240 175 Average Speed 194 | 148 186 240 162 170 170 195 184 184 256 240 245 Slowest Speed 1800 | 160 240 240 170 170 170 213 215 213 1800 240 1400 Overloaded Moves . | . . . . . . . . . . . . Propulsion Burnouts . | . . . . . . . . . . . . Robots Hopped . | . . . . . . . . . . . . Potential Cave-ins . | . . . . . . . . . . . . Cave-ins Triggered . | . . . . . . . . . . . . Exploration Rate (%) 58 | 3 95 99 82 97 75 45 91 23 62 20 8 Regions Visited 11 Branch Regions 5 Pre-discovered Areas 3 | . . 1 . 1 . . . . . 1 . Known Exits Taken 6 | . . . 1 . . 1 1 1 1 1 . Unknown Exits Taken 5 | 1 1 1 . 1 1 . . . . . . Scrap Searched 7 | . . 1 . 1 . . . . 2 3 . Spaces Dug 18 | . . . . 1 . 4 4 6 . . 3 Terrain Destroyed 334 | . 20 34 27 71 43 7 41 22 64 2 3 Melee 9 | . . . . 1 . . 3 2 . . 3 Projectile 44 | . . . . . 18 7 6 5 6 2 . AOE 281 | . 20 34 27 70 25 . 32 15 58 . . Terrain Rammed . | . . . . . . . . . . . . Walls Destroyed . | . . . . . . . . . . . . Machines Disabled . | . . . . . . . . . . . . Actions | -11 -10 -10 -9 -9 -8 -7 -7 -6 -6 -6 -5 --------- Run | Yrd Mat Min Mat Min Mat Fac Sto Fac Low Low Fac Total 10404 | 53 908 776 1419 862 1268 1788 1289 827 674 191 349 Wait 1721 | . 114 43 298 323 274 160 291 11 171 . 36 Move 7612 | 45 679 677 934 511 863 1485 801 708 459 183 267 Hop . | . . . . . . . . . . . . Pick Up 113 | 2 19 5 13 1 10 18 17 18 3 4 3 Fast Attach 53 | 6 5 2 5 . 6 4 12 4 5 . 4 Attach 46 | . 3 3 4 . 2 4 7 11 7 . 5 Detach 7 | . . . 1 . . 1 1 1 1 . 2 Swap 109 | . 7 10 25 11 7 14 17 11 4 . 3 Drop 129 | . 4 10 30 2 14 19 29 15 2 . 4 Fire 567 | . 77 24 105 10 92 79 100 45 20 3 12 Melee 33 | . . . . 2 . . 13 2 2 1 13 Ram . | . . . . . . . . . . . . Kick . | . . . . . . . . . . . . Crush 14 | . . 2 4 2 . 4 1 1 . . . Escape Stasis . | . . . . . . . . . . . . Rewire . | . . . . . . . . . . . . Trap . | . . . . . . . . . . . . Miscellaneous . | . . . . . . . . . . . . Route ------- -11/Scrapyard -10/Materials (discovered 5 exits: *Mat x3 / [*Min x2]) -10/Mines (discovered 4 exits: *Mat x2 / [*Exi] / [*Sub]) -9/Materials (discovered 4 exits: *Mat x2 / *Min x2) -9/Mines (discovered 3 exits: *Mat x2 / [*Zio]) -8/Materials (discovered 2 exits: *Fac x2) -7/Factory (discovered 2 exits: *Fac / *Sto) -7/Storage -6/Factory (discovered 2 exits: *Fac / *Low) -6/Lower Caves -6/Lower Caves -5/Factory History --------- Turn | Location | Event 5 | -11/Scrapyard | Discovered new exit (range 16) 79 | -11/Scrapyard | Entered Materials 278 | -10/Materials | Repaired Lgt. Ion Engine 304 | -10/Materials | Repaired Lgt. Treads 325 | -10/Materials | Build established: Mutant 449 | -10/Materials | Discovered new exit (range 16) 518 | -10/Materials | Discovered new exit (range 12) 949 | -10/Materials | Discovered new exit (range 15) 1005 | -10/Materials | Discovered new exit (range 13) 1331 | -10/Materials | Discovered new exit (range 12) 1727 | -10/Materials | Entered Mines 1890 | -10/Mines | Met a Derelict testing a Signal Generator 1934 | -10/Mines | Discovered new exit (range 14) 1939 | -10/Mines | Received a Rocket Launcher from a helpful Derelict 1943 | -10/Mines | Core integrity fell below 50% 2043 | -10/Mines | Learned location of Recycling (-7) 2372 | -10/Mines | Learned Materials interactive machine intel 2423 | -10/Mines | Discovered new exit (range 9) 3131 | -10/Mines | Deemed a non-threat by the Exiles lab entrance 3131 | -10/Mines | Discovered new exit (range 5) 3339 | -10/Mines | Discovered new exit (range 6) 3497 | -10/Mines | Entered Materials 3497 | -9/Materials | Accompanied by 1 ally 3497 | -9/Materials | Evolved 2 slots: Propulsion x1, Utility x1 3498 | -9/Materials | Loaded intel: 18 interactive machine locations 3665 | -9/Materials | Discovered new exit (range 8) 3793 | -9/Materials | Build established: Scavenger-Mutant 4136 | -9/Materials | Discovered new exit (range 16) 4182 | -9/Materials | Repaired Lgt. Treads 4776 | -9/Materials | Repaired Lgt. Treads 4804 | -9/Materials | Repaired Lgt. Treads 4950 | -9/Materials | Discovered new exit (range 14) 5106 | -9/Materials | Discovered new exit (range 16) 5365 | -9/Materials | Core integrity fell below 50% 5514 | -9/Materials | Identified exit to Mines 5577 | -9/Materials | Build established: Mutant 5692 | -9/Materials | Entered Mines 5694 | -9/Mines | Discovered new exit (range 9) 5701 | -9/Mines | Met a Derelict bent on vengeance 5709 | -9/Mines | Assembled infested the area 6040 | -9/Mines | Build established: Scavenger-Mutant 6227 | -9/Mines | Found a damaged Exp. Sensor Array with a note attached 6231 | -9/Mines | Found Prototype Device 6256 | -9/Mines | Discovered new exit (range 10) 6385 | -9/Mines | Build established: Mutant 6614 | -9/Mines | Received a Mining Laser from a helpful Derelict 6722 | -9/Mines | Learned location of Storage (-7) 6741 | -9/Mines | Assisted by bots powering up and referring to "LRC-V3" 6776 | -9/Mines | A Derelict revealed a hidden shortcut to a safe place 6934 | -9/Mines | Entered Materials 6934 | -8/Materials | Accompanied by 3 allies 6934 | -8/Materials | Evolved 2 slots: Propulsion x1, Utility x1 7128 | -8/Materials | Garrison activated, responded to threat 7445 | -8/Materials | Discovered new exit (range 4) 7823 | -8/Materials | Discovered new exit (range 14) 8019 | -8/Materials | Repaired Arm. Treads+ 8058 | -8/Materials | Repaired Arm. Treads+ 8358 | -8/Materials | Repaired Arm. Treads+ 8397 | -8/Materials | Repaired Arm. Treads+ 8437 | -8/Materials | Repaired Imp. Light Armor Plating 8965 | -8/Materials | Entered Factory 8965 | -7/Factory | Evolved 2 slots: Propulsion x1, Utility x1 12099 | -7/Factory | Discovered new exit (range 13) 12131 | -7/Factory | Discovered new exit (range 14) 12146 | -7/Factory | Identified exit to Factory 12161 | -7/Factory | Identified exit to Storage 12279 | -7/Factory | Entered Storage 12544 | -7/Storage | System corruption reached 10% 13758 | -7/Storage | Discovered exit to Factory (range 16) 13839 | -7/Storage | Assisted by bots powering up and referring to "LRC-V3" 13944 | -7/Storage | Garrison activated, responded to threat 14133 | -7/Storage | Build established: Commander-Mutant 14273 | -7/Storage | Garrison activated, responded to threat 14415 | -7/Storage | Entered Factory 14415 | -6/Factory | Accompanied by 9 allies 14415 | -6/Factory | Evolved 2 slots: Propulsion x1, Utility x1 14895 | -6/Factory | Lost 8 allies 15141 | -6/Factory | Build established: Scavenger-Mutant 15239 | -6/Factory | Spotted B-75 Beast 15500 | -6/Factory | Discovered new exit (range 9) 15520 | -6/Factory | Identified exit to Lower Caves 15557 | -6/Factory | Discovered new exit (range 5) 15563 | -6/Factory | Identified exit to Factory 15813 | -6/Factory | Garrison activated, responded to threat 15829 | -6/Factory | System corruption reached 10% 15882 | -6/Factory | Lost 7 parts (1p3n2u1w) 15903 | -6/Factory | Entered Lower Caves 15962 | -6/Lower Caves | Attracted the attention of an 0b10 outpost 15977 | -6/Lower Caves | Core integrity fell below 50% 16022 | -6/Lower Caves | Destroyed 13 combat bots 16027 | -6/Lower Caves | Lost 7 parts (1p2n2u2w) 16185 | -6/Lower Caves | Build established: Mutant 16585 | -6/Lower Caves | Identified exit to Lower Caves 16964 | -6/Lower Caves | Attracted the attention of an 0b10 checkpoint 17321 | -6/Lower Caves | Spotted B-75 Beast 17328 | -6/Lower Caves | Entered another Lower Caves area 17392 | -6/Lower Caves | Learned location of Extension (-4) 17457 | -6/Lower Caves | Learned Factory emergency access door positions 17532 | -6/Lower Caves | Discovered exit to Factory (range 10) 17781 | -6/Lower Caves | Entered Factory 17781 | -5/Factory | Evolved 2 slots: Power x1, Weapon x1 18088 | -5/Factory | Build established: Gunner 18500 | -5/Factory | Core integrity fell below 50% 18513 | -5/Factory | Lost 6 parts (1n2u3w) 18556 | -5/Factory | Core integrity fell below 20% 18569 | -5/Factory | Destroyed by Y-64 Sentinel with Wave Gun Last Messages --------------- local area. 18514_ U-05 Engineer builds a Door. 18515_ G-50 Soldier system terminally corrupted. 18520_ Acquired 3 matter. 18522_ K-01 Serf collects debris. 18526_ U-05 Engineer builds a Wall. 18529_ K-01 Serf collects debris. 18540_ U-05 Engineer builds a Wall. 18541_ Penetrated by Slug. 18541_ Com. Wheel destroyed. 18544_ Penetrated by Slug. 18544_ Weapon Cycler destroyed. 18547_ U-05 Engineer builds a Wall. 18552_ Penetrated by Slug. 18552_ U-05 Engineer builds a Wall. 18555_ Penetrated by Slug. 18558_ Slug penetrates Nuclear Reactor. 18560_ Penetrated by Slug. 18562_ System corrupted: Shock Maul rejected. 18563_ Penetrated by Slug. Map ----- +----------------------------------------------------+ | ?????????????????????????????????????????????????? | | ?????????????????????????????????????????????????? | | ?????????????????????????????????????????????????? | | ?????????????????????????????????????????????????? | | ?????????????????????????????????????????????????? | | ?????????????????????????????????????????????????? | | ?????????????????????????????????????????????????? | | ?????????????????????????????????????????????????? | | ?????????????????????????????????????????????????? | | ?????????????????????????????????????????????????? | | ?????????????????????????????????????????????????? | | ?????????????????????????????????????????????????? | | ?????????????????????????????????????????????????? | | ?????????????????????????????????????????????????? | | ?????????????????????????????????????????????????? | | ?????????????????????????????????????????????????? | | ????????????????????????????????#????????????????? | | ???????????????? ????????????????????????????????? | | ?????????????????????????????????????????????????? | | ????????????????????????????????#????????????????? | | ?????????#???????????????????????????????????????? | | ?????????????????????#???????????????????????????? | | ??????????????????????????##?????????????????????? | | ???????????????????????###Y######????????????????? | | ????????????????#??????# #????????????????? | | ????????????????##?##??# @ #????????????????? | | ?????????? ??? ???###### """ #????????????????? | | ###???????????????# ## """ #??? ????????????? | | # ??????? ???????#!!!## """ #????????????????? | | # ????????? ????#!!!## u +????????????????? | | # ?????" ??????##!!!##!! u #????????????????? | | ????? ??? ??## ##!! #????? ??????????? | | ##############] %##u #????????????????? | | ##% %## #????????????????? | | ###+### "" #? ? ????????????? | | %% + "" #????????????????? | | %# "" # ??????????????? | | # Y" / ???????????????? | | """ """ # ! "" #??????? ????????? | | """ """ + "" # ????#??????????? | | """ """ # "" #?????#??????????? | | ### T####### # #????????????????? | | ??###????#?# """ """ ##########? ? ???#????????? | | ???#??????## """ """ ###???#?#?? #??????????? | | #??#??????## """ """ #?????????? ##?????????? | | ????#????#?# ] #??##???? #??????????? | | ?########### """ """ #???????? ???????????? | | ?# # """ """ ######### ???????????? | | ?# """" # """ """ "" ??????????? | | ?# ""F" # " ???????????? | +----------------------------------------------------+ Best States ------------- Heat Dissipation 71 Energy Generation 19 Energy Capacity 315 Matter Stores 300 Matter Capacity 300 Sight Range 16 Terrain Scan Range 20 Terrain Scan Density 10 Armor Coverage 225 Resistance: KI 30 Resistance: TH 20 Weapon Cycling 15 Evasion (%) 40 Targeting Accuracy 8 Target Analysis 5 Recoil Reduction 6 Particle Charging 20 Item Schematics ----------------- Huge Storage Unit | -10/Materials | Hacked Plasma Cutter | -9/Materials | Hacked Robot Schematics ------------------ None Fabricated ------------ Nothing Repaired ---------- Lgt. Ion Engine | 72% | -10/Materials Lgt. Treads | 20% | -10/Materials Lgt. Treads | 24% | -9/Materials Lgt. Treads | 71% | -9/Materials Lgt. Treads | 46% | -9/Materials Arm. Treads | 38% | -8/Materials Arm. Treads | 46% | -8/Materials Arm. Treads | 56% | -8/Materials Arm. Treads | 72% | -8/Materials Imp. Light Armor Plating | 87% | -8/Materials Studied --------- Rocket Launcher | -9/Materials | Hacked Hvy. Assault Rifle | -9/Materials | Hacked Grenade Launcher | -9/Materials | Hacked Lgt. Treads | -9/Materials | Hacked Imp. Ion Engine | -9/Materials | Hacked Arm. Wheel | -9/Materials | Hacked Arm. Treads | -8/Materials | Hacked Assault Cannon | -8/Materials | Hacked Hvy. Assault Cannon | -7/Factory | Hacked Adv. Treads | -7/Factory | Hacked Alien Tech Used ----------------- None Achievements -------------- Professional Mechanic Challenges ------------ None Game ------ Seed MetafiberImpulseMembrane Manual? 0 Play Time 02:02:52 Cumulative 128.6 hours Start 2026.07.08 @ 15:40:45 End 2026.07.08 @ 17:58:20 Sessions 1 Manual Loads 0 Difficulty Rogue Special Mode None Game No. 85 Rogue 85 Adventurer 0 Explorer 0 Win Type - Total 4 Types 4/0/0/0/0/0/0/0/0/0 Lore% 32 Gallery% 40 Achievement% 30 Wizard Run 0 Options --------- Layout 0 ASCII 0 Keyboard 0 Movement Mouse Keybinds 0 Fullscreen 2 Font 18/SmallcapsGlow Map View 76x50 Zoom Use 0% Tactical HUD 1 Map Filters NONE Filters NONE Steam 1 RUN: 4a1e3fc8-d0eb-460a-9da6-76c5e4b13f8f